 Dungeon Crawl Stone Soup version 0.28-a0-1167-g616b1c6417 (webtiles) character file.

Game seed: 7867724074547301725

4083 ChaosChampion the Thaumaturge (level 10, -13/50 HPs)
             Began as a Deep Elf Conjurer on Dec 16, 2021.
             Was a Believer of Vehumet.
             Mangled by an orc knight (19 damage)
             ... in a bailey.
             The game lasted 00:19:41 (8455 turns).

ChaosChampion the Thaumaturge (Deep Elf Conjurer)   Turns: 8455, Time: 00:19:41

Health: -13/50     AC:  5    Str:  2      XL:     10   Next: 5%
Magic:  12/29      EV: 16    Int: 26 (28) God:    Vehumet [**....]
Gold:   327        SH:  0    Dex: 13      Spells: 25/35 levels left

rFire   . . .      SeeInvis .   d - staff of conjuration
rCold   . . .      Faith    .   (no shield)
rNeg    . . .      Spirit   .   a - +0 robe
rPois   .          Reflect  .   (no helmet)
rElec   +          Harm     .   q - +2 cloak
rCorr   .          Rampage  .   (no gloves)
Will    +....                   (no boots)
Stlth   ++........              h - amulet "Xogu" {rElec Regen+}
HPRegen 0.96/turn               i - +4 ring of evasion
MPRegen 0.21/turn               (no ring)

@: no status effects
A: deterioration 1, mutation resistance 1, weak 1
a: Renounce Religion


You were in a bailey.
You worshipped Vehumet.
Vehumet was pleased with you.
You visited 2 branches of the dungeon, and saw 8 of its levels.
You also visited: Bailey.

You collected 327 gold pieces.

Inventory:

Armour
 a - a +0 robe (worn)
 q - a +2 cloak (worn)
Magical Staves
 d - a staff of conjuration (weapon)
Jewellery
 h - the amulet "Xogu" (around neck) {rElec Regen+}
   (You found it on level 5 of the Dungeon)

   [amulet of regeneration]

   rElec:     It insulates you from electricity.
   Regen:     It increases your rate of health regeneration.
 i - a +4 ring of evasion (left hand)
 j - a ring of ice
 n - a ring of fire
Wands
 m - a wand of charming (8)
Potions
 b - 5 potions of heal wounds
 c - a potion of haste {unknown}
 e - 3 potions of curing
 f - a potion of might {unknown}
 g - 3 potions of magic
 l - a potion of invisibility {unknown}
 o - 3 potions of resistance
 p - 2 potions of experience
 r - a potion of cancellation {unknown}
 s - a potion of brilliance {unknown}


   Skills:
 - Level 2.4 Dodging
 - Level 2.4 Stealth
 + Level 13.1 Spellcasting
 + Level 11.0 Conjurations
 - Level 4.0 Hexes
 - Level 3.0 Summonings
 - Level 3.0 Translocations


You had 25 spell levels left.
You knew the following spells:

 Your Spells              Type           Power      Damage    Failure   Level
a - Magic Dart            Conj           100%       1d8       1%          1
b - Searing Ray           Conj           100%       2d8       1%          2
c - Summon Guardian Gole  Hex/Summ       35%        N/A       2%          3
d - Iskenderun's Mystic   Conj/Tloc      69%        2d14      1%          4

Your spell library contained the following spells:

 Spells                   Type           Power      Damage    Failure   Level
 Freeze                   Ice            68%        1d8       3%          1
 Summon Small Mammal      Summ           100%       N/A       1%          1
 Dazzling Flash           Conj/Hex       100%       N/A       1%          3
 Fulminant Prism          Conj/Hex       35%        3d18      1%          4
 Call Canine Familiar     Summ           32%        N/A       3%          3


Dungeon Overview and Level Annotations

Branches:
Dungeon (7/15)             Temple (1/1) D:5          Bailey (1/1)

Altars:
Ashenzari
Cheibriados
Dithmenos
Elyvilon
Gozag
Nemelex Xobeh
Okawaru
Ru
Trog
Vehumet
Wu Jian
Xom
Zin
The Shining One

Shops:
D:3 :   D:4 [   D:5 *

Annotations:
D:3 Natasha


Innate Abilities, Weirdness & Mutations

Your body sometimes deteriorates upon taking damage.
You are somewhat resistant to further mutation.
You are weak. (Str -2)


Message History

You feel a surge of power!
The searing ray hits the orc warrior!
The orc warrior is moderately wounded. (Press . to maintain the ray.)
The searing ray hits the orc warrior!
The orc warrior is severely wounded.
The searing ray hits the orc knight.
The orc knight is lightly wounded.
The orc warrior hits you from afar with a +0 spear!
Your body deteriorates!
You feel dopey.
Casting: Searing Ray (safe; 1% risk of failure)
Confirm with . or Enter, or press ? or * to list all spells.
You feel a surge of power!
You erupt in a blast of force!
The mystic blast hits the orc warrior!
You kill the orc warrior!
Vehumet accepts your kill.
You feel your power returning.
Your Conjurations skill increases to level 11!
Casting: Iskenderun's Mystic Blast (dangerous; 1% risk of failure)
Confirm with . or Enter, or press ? or * to list all spells.
You feel a surge of power!
You erupt in a blast of force!
The mystic blast hits the orc knight!
The orc knight is moderately wounded.
The orc knight is knocked back by the mystic blast.
Items here: ))) [ ÷.
There is an open gate here.
There is an open gate here.
You see here a +0 hand axe.
There is an open door here.
There is an open door here.
Things that are here:
a +0 halberd; a +3 scale mail You see here a +0 halberd.
There is a gate leading back out of this place here.
The orc knight hits you from afar with a +0 trident!!
The orc knight hits you from afar with a +0 trident!!
Ouch! That really hurt!
* * * LOW HITPOINT WARNING * * *
Your body deteriorates!
You feel dopey.
The orc knight hits you from afar with a +0 trident!!
You die...

#######
##..∩..##
#.......#
#∩.....∩#
#.......#
#...)...#
#...o...#
#.......#
#.@..)..#
#.))))).#
#..))...#
#.......#
##....)##
###)###
#...#
#...#
#...#


You could see an orc knight.

Vanquished Creatures
  3 orc knights (Bailey)
  Prince Ribbit (D:5)
  Edmund (D:5)
  2 water moccasins
  7 orc warriors (Bailey)
  2 black bears
  An ice beast (D:3)
  4 ogres
  A phantom (D:5)
  A bullfrog (D:7)
  2 scorpions
  A water moccasin zombie (D:6)
  2 water moccasin skeletons
  2 jellies
  A bullfrog skeleton (D:6)
  A gnoll shaman (D:6)
  Crazy Yiuf (D:6)
  A hound (D:6)
  An iguana (D:6)
  Natasha (twice) (D:3)
  2 orc wizards (D:4)
  A hound skeleton (D:5)
  12 adders
  8 gnolls
  A shadow imp (D:7)
  2 ufetubi
  2 adder skeletons (D:4)
  A worm (D:4)
  4 dart slugs
  38 orcs
  9 ball pythons
  6 endoplasms
  3 goblins
  10 hobgoblins
  3 jackals (D:2)
  3 quokkas
  4 bats
  3 frilled lizards
  8 kobolds
  4 rats
161 creatures vanquished.

Notes
Turn   | Place    | Note
-------+----------+-------------------------------------------
     0 | D:1      | ChaosChampion the Deep Elf Conjurer began the quest for the
                  | Orb.
     0 | D:1      | Reached XP level 1. HP: 10/10 MP: 6/6
   108 | D:1      | Found a faded altar of an unknown god.
   314 | D:1      | Reached XP level 2. HP: 15/15 MP: 5/8
   475 | D:1      | Reached skill level 4 in Spellcasting
   642 | D:1      | Reached XP level 3. HP: 19/19 MP: 4/10
   645 | D:1      | Learned a level 2 spell: Searing Ray
  1201 | D:2      | Reached skill level 5 in Spellcasting
  1201 | D:2      | Reached skill level 5 in Conjurations
  1425 | D:2      | Reached XP level 4. HP: 24/24 MP: 9/13
  2043 | D:3      | Reached skill level 6 in Spellcasting
  2096 | D:3      | Reached XP level 5. HP: 16/28 MP: 3/15
  2360 | D:3      | Found Giubbav's Book Boutique.
  2692 | D:3      | Noticed Natasha
  2703 | D:3      | Killed Natasha
  3048 | D:3      | Noticed an ice beast
  3057 | D:3      | Killed an ice beast
  3058 | D:3      | Reached skill level 7 in Spellcasting
  3058 | D:3      | Reached XP level 6. HP: 32/32 MP: 4/18
  3062 | D:3      | Learned a level 3 spell: Summon Guardian Golem
  3067 | D:3      | Learned a level 4 spell: Iskenderun's Mystic Blast
  3232 | D:3      | Noticed Natasha
  3237 | D:3      | Killed Natasha
  3263 | D:3      | Noticed Natasha
  3975 | D:4      | Reached skill level 1 in Hexes
  3975 | D:4      | Reached skill level 1 in Summonings
  3975 | D:4      | Reached skill level 1 in Translocations
  4117 | D:4      | Found Latiujam's Antique Armour Boutique.
  4572 | D:4      | You fall into a shaft and drop 2 floors!
  4579 | D:5      | Entered Level 5 of the Dungeon
  4582 | D:5      | Reached XP level 7. HP: 35/36 MP: 15/19
  4718 | D:5      | Found a staircase to the Ecumenical Temple.
  4738 | Temple   | Entered the Ecumenical Temple
  4741 | Temple   | Became a worshipper of Vehumet
  4752 | D:5      | Identified a scroll of acquirement
  4752 | D:5      | Acquired a staff of conjuration
  5334 | D:5      | Found Jokhid's General Store.
  5414 | D:5      | Noticed Prince Ribbit
  5426 | D:5      | Noticed Edmund
  5439 | D:5      | Killed Prince Ribbit
  5440 | D:5      | Reached skill level 8 in Spellcasting
  5440 | D:5      | Killed Edmund
  5808 | D:5      | Reached XP level 8. HP: 34/41 MP: 16/22
  6064 | D:5      | Identified the amulet "Xogu" {rElec Regen+}
  6417 | D:5      | Reached skill level 9 in Spellcasting
  7058 | D:6      | Reached skill level 10 in Spellcasting
  7259 | D:6      | Found a runed translucent door.
  7260 | D:6      | Noticed Crazy Yiuf
  7347 | D:6      | Killed Crazy Yiuf
  7556 | D:7      | Reached * piety under Vehumet
  7556 | D:7      | Offered knowledge of Foxfire by Vehumet.
  7562 | D:7      | Reached XP level 9. HP: 45/45 MP: 10/25
  7615 | D:7      | Found a flagged portal.
  7744 | Bailey   | Entered a bailey
  7759 | Bailey   | Reached skill level 11 in Spellcasting
  7831 | Bailey   | Gained mutation: Potions are less effective at restoring
                  | your health. [potion of mutation]
  7831 | Bailey   | Gained mutation: You are clumsy. (Dex -2) [potion of
                  | mutation]
  7831 | Bailey   | Gained mutation: Your mind is acute. (Int +2) [potion of
                  | mutation]
  7832 | Bailey   | Lost mutation: You are clumsy. (Dex -2) [potion of
                  | mutation]
  7832 | Bailey   | Lost mutation: Your mind is acute. (Int +2) [potion of
                  | mutation]
  7832 | Bailey   | Lost mutation: Potions are less effective at restoring your
                  | health. [potion of mutation]
  7832 | Bailey   | Gained mutation: Your magical capacity is low. (-10% MP)
                  | [potion of mutation]
  7832 | Bailey   | Gained mutation: You have large cloven feet. [potion of
                  | mutation]
  7833 | Bailey   | Lost mutation: Your magical capacity is low. (-10% MP)
                  | [potion of mutation]
  7833 | Bailey   | Lost mutation: You have large cloven feet. [potion of
                  | mutation]
  7833 | Bailey   | Gained mutation: You are clumsy. (Dex -2) [potion of
                  | mutation]
  7833 | Bailey   | Gained mutation: You occasionally shout uncontrollably at
                  | your foes. [potion of mutation]
  7834 | Bailey   | Lost mutation: You are clumsy. (Dex -2) [potion of
                  | mutation]
  7834 | Bailey   | Lost mutation: You occasionally shout uncontrollably at
                  | your foes. [potion of mutation]
  7834 | Bailey   | Gained mutation: Your body sometimes deteriorates upon
                  | taking damage. [potion of mutation]
  7834 | Bailey   | Gained mutation: You are weak. (Str -2) [potion of
                  | mutation]
  7834 | Bailey   | Gained mutation: You are somewhat resistant to further
                  | mutation. [potion of mutation]
  8081 | Bailey   | Noticed an orc knight
  8081 | Bailey   | Noticed an orc knight
  8081 | Bailey   | Noticed an orc knight
  8085 | Bailey   | Offered knowledge of Freeze by Vehumet.
  8088 | Bailey   | Reached ** piety under Vehumet
  8091 | Bailey   | Killed an orc knight
  8092 | Bailey   | Reached skill level 12 in Spellcasting
  8092 | Bailey   | Reached skill level 10 in Conjurations
  8092 | Bailey   | Killed an orc knight
  8231 | Bailey   | Killed an orc knight
  8396 | Bailey   | Reached skill level 13 in Spellcasting
  8396 | Bailey   | Reached XP level 10. HP: 50/50 MP: 23/29
  8396 | Bailey   | Noticed an orc knight
  8455 | Bailey   | Mangled by an orc knight

Illustrated notes

Levels and vault maps discovered:
D:1:      mainiacjoe_arrival_reflecting_pool, layout_rooms,
          shapermc_ecumenical_altar_venn, st_stairs_4
D:2:      minmay_general_purpose_star, layout_basic, serial_glass,
          glass_columns_b, glass_columns_b, glass_columns_c, glass_columns_b,
          glass_columns_a, glass_columns_a
D:3:      layout_basic, serial_shops, nicolae_shop_advertising_works
          [nicolae_subvault_shop_adworks], minivault_19, uniq_natasha
D:4:      layout_basic, serial_shops, nicolae_shop_statue_plus,
          chequers_serial_rivers_micro_b, minivault_26, minivault_1
D:5:      layout_loops_corners, minmay_temple_entry_mist, nicolae_stop_n_shop_1,
          uniq_prince_ribbit1, uniq_edmund
D:6:      layout_rooms, uniq_crazy_yiuf_cottage
D:7:      layout_basic, enter_bailey_4
Temple:   dpeg_three_leaves_temple
Bailey:   bailey_polearm_5, bailey

Skill      XL: |  1  2  3  4  5  6  7  8  9 10 |
---------------+-------------------------------+-----
Spellcasting   | 4 5 6 7 8 10 13 | 13.1
Conjurations   | 5 6 8 10 11 | 11.0
Hexes          | 2 4 |  4.0
Summonings     | 1 3 |  3.0
Translocations | 1 3 |  3.0
Dodging        | |  2.4
Stealth        | |  2.4

Action                   |  1- 3 |  4- 6 |  7- 9 | 10-12 || total
-------------------------+-------+-------+-------+-------++-------
 Cast: Magic Dart        |    58 |    63 |    40 |       ||   161
       Searing Ray       |     5 |    39 |    44 |     2 ||    90
       Iskenderun's Myst |       |       |    53 |     5 ||    58
       Summon Guardian G |       |       |     1 |       ||     1
  Use: Scroll            |       |       |    11 |       ||    11
       Potion            |       |       |     4 |       ||     4
Armor: Robe              |     1 |     8 |     6 |       ||    15
Dodge: Dodged            |     6 |    12 |    48 |       ||    66

Table legend: (Time is in decaauts)
 A = Elapsed time spent in this place.
 B = Non-inter-level travel time spent in this place.
 C = Inter-level travel time spent in this place.
 D = Time resting spent in this place.
 E = Time spent auto-exploring this place.
 F = Levels seen in this place.
 G = Mean time per level.
                   A        B        C        D        E       F      G
               +--------+--------+--------+--------+--------+-----+--------+
         Total |   8469 |   8337 |    132 |   1415 |   5419 |   9 |  941.0 |
       Dungeon |   7514 |   7382 |    132 |    848 |   5408 |   7 | 1073.4 |
        Temple |    244 |    244 |      0 |    235 |      0 |   1 |  244.0 |
        Bailey |    710 |    710 |      0 |    332 |     11 |   1 |  710.0 |
               +--------+--------+--------+--------+--------+-----+--------+

Top non-repeatable levels by time:
     D:3: 1964 daAuts
     D:5: 1696 daAuts
     D:2: 1165 daAuts
     D:6: 988 daAuts
     D:1: 780 daAuts
  Bailey: 710 daAuts
     D:4: 663 daAuts
     D:7: 255 daAuts
  Temple: 244 daAuts
